 Dungeon Crawl Stone Soup version 0.30-a0-782-ge64f9170bb (webtiles) character file.

Game seed: 7162594649804502742

161501 M4edhros the Peltast (level 17, -45/109 HPs)
             Began as an Octopode Artificer on Feb 20, 2023.
             Was an Elder of Cheibriados.
             Killed from afar by a deep elf annihilator (82 damage)
             ... with a crystal spear
             ... on level 3 of the Elven Halls.
             The game lasted 01:36:19 (14989 turns).

M4edhros the Peltast (Octopode Artificer)          Turns: 14989, Time: 01:36:19

Health: -45/109    AC:  1    Str: 23    XL:     17   Next: 79%
Magic:  22/35      EV: 25    Int: 31    God:    Cheibriados [****..]
Gold:   1357       SH: 34    Dex: 25    Spells: 2/28 levels left

rFire   + . .      SeeInvis .      - Unarmed
rCold   x . .      Faith    .    x - +6 tower shield of the Jocular God {Str+6}
rNeg    + . .      Spirit   .    (helmet restricted)
rPois   .          Reflect  +    b - amulet of reflection
rElec   .          Harm     .    k - ring of wizardry
rCorr   .          Rampage  .    w - +5 ring of evasion
Will    ++...                    D - ring of willpower
Stlth   ++++++                   I - +6 ring of intelligence
HPRegen 0.38/turn                q - ring of magical power
MPRegen 0.24/turn                h - ring of fire
                                 U - ring of positive energy
                                 Z - ring of wizardry

@: very slow
A: almost no armour, amphibious, 8 rings, camouflage 1, gelatinous body 1,
(nimble swimmer 1), tentacles, [clumsy 2], [deterioration 1], [screaming 2],
[weak 2]
a: Renounce Religion, Bend Time, Temporal Distortion, Slouch


You were on level 3 of the Elven Halls.
You worshipped Cheibriados.
Cheibriados was greatly pleased with you.
You visited 4 branches of the dungeon, and saw 25 of its levels.
You visited the Abyss 1 time.

You collected 2955 gold pieces.
You spent 1598 gold pieces at shops.

Inventory:

Hand Weapons
 J - the +10 morningstar "Eos" {elec, Halo rElec}
   (You took it off a deep elf demonologist on level 3 of the Elven Halls)

   Halo:      It grants its wielder a halo, revealing invisible creatures and
   increasing accuracy against all within it other than the wielder.
   rElec:     It insulates you from electricity.
Missiles
 o - 45 poisoned darts (quivered)
 p - 4 throwing nets
 O - 5 curare-tipped darts
Armour
 x - the +6 tower shield of the Jocular God (worn) {Str+6}
   (You found it on level 3 of the Dungeon)

   Str:       It affects your strength (+6).
Magical Staves
 X - a staff of poison
Jewellery
 b - an amulet of reflection (around mantle)
 h - a ring of fire (on tentacle)
 k - a ring of wizardry (left tentacle)
 q - a ring of magical power (on tentacle)
 w - a +5 ring of evasion (right tentacle)
 y - a ring of resist corrosion
 D - a ring of willpower (on tentacle)
 I - a +6 ring of intelligence (on tentacle)
 R - a ring of flight
 U - a ring of positive energy (on tentacle)
 W - a ring of ice
 Z - a ring of wizardry (on tentacle)
Wands
 d - a wand of iceblast (6)
 r - a wand of flame (25)
 C - a wand of mindburst (10)
 P - a wand of polymorph (2)
 Q - a wand of digging (13)
 V - a wand of paralysis (3)
Scrolls
 e - 10 scrolls of fear
 g - 5 scrolls of torment
 i - 10 scrolls of teleportation
 j - 5 scrolls of immolation
 l - 2 scrolls of fog
 t - 7 scrolls of poison
 B - a scroll of blinking
 M - 3 scrolls of butterflies
Potions
 a - a potion of invisibility
 m - 3 potions of curing
 n - 4 potions of attraction
 s - a potion of mutation
 u - 2 potions of brilliance
 v - 2 potions of lignification
 z - 6 potions of flight
 A - 2 potions of berserk rage
 E - 4 potions of might
 F - a potion of ambrosia
 H - a potion of resistance
 K - a potion of magic
Miscellaneous
 c - a phial of floods (inert)
 f - a box of beasts (inert)
 L - a condenser vane
 S - a lightning rod (4/4)
 Y - a tin of tremorstones (2/2)


   Skills:
 - Level 8.1 Fighting
 - Level 0.7 Short Blades
 - Level 10.1 Dodging
 - Level 10.5 Stealth
 - Level 17.0 Shields
 - Level 10.0 Unarmed Combat
 - Level 6.0 Spellcasting
 - Level 9.1 Summonings
 - Level 3.0 Translocations
 * Level 10.6 Transmutations
 * Level 9.6 Air Magic
 - Level 8.0 Poison Magic
 - Level 9.0 Invocations
 - Level 3.2 Evocations


You had 2 spell levels left.
You knew the following spells:

 Your Spells              Type           Power      Damage    Failure   Level
a - Spider Form           Tmut/Pois      61%        N/A       1%          3
b - Blink                 Tloc           54%        N/A       1%          2
c - Summon Lightning Spi  Summ/Air       61%        N/A       1%          4
d - Olgreb's Toxic Radia  Pois           56%        N/A       1%          4
e - Storm Form            Tmut/Air       32%        N/A       41%         7
f - Summon Cactus Giant   Summ           30%        N/A       13%         6

Your spell library contained the following spells:

 Spells                   Type           Power      Damage    Failure   Level
 Shock                    Conj/Air       100%       1d9       1%          1
 Summon Small Mammal      Summ           100%       N/A       1%          1
 Call Imp                 Summ           60%        N/A       1%          2
 Passwall                 Tmut/Erth      35%        N/A       1%          2
 Momentum Strike          Conj/Tloc      36%        3d9       3%          2
 Kiss of Death            Conj/Necr      36%        2d8       4%          1
 Sandblast                Erth           18%        2d7       4%          1
 Ensorcelled Hibernation  Hex/Ice        18%        N/A       6%          2
 Call Canine Familiar     Summ           60%        N/A       1%          3
 Swiftness                Air            62%        N/A       1%          3
 Airstrike                Air            31%        2d(5-21)  1%          4
 Kindle Blastsparks       Fire/Tloc/Air  100%       2d18      2%          3
 Alistair's Intoxication  Tmut/Pois      40%        N/A       2%          5
 Portal Projectile        Hex/Tloc       36%        N/A       6%          3
 Confusing Touch          Hex            9%         N/A       11%         3
 Stone Arrow              Conj/Erth      18%        3d8       11%         3
 Manifold Assault         Tloc           27%        N/A       11%         4
 Iskenderun's Mystic Bla  Conj/Tloc      18%        2d6       19%         4
 Anguish                  Hex/Necr       4%         N/A       32%         4
 Dispel Undead            Necr           9%         3d8       32%         4
 Fulminant Prism          Conj/Hex       4%         3d5       32%         4
 Leda's Liquefaction      Hex/Erth       4%         N/A       32%         4
 Fireball                 Conj/Fire      6%         3d5       65%         5
 Lee's Rapid Deconstruct  Erth           4%         3d5*      65%         5
 Spellforged Servitor     Conj/Summ      18%        N/A       98%         7
 Maxwell's Capacitive Co  Air            31%        ∞         98%         8
 Ozocubu's Refrigeration  Ice            4%         4d8       100%        7
 Ignition                 Fire           6%         3d4       100%        8


Dungeon Overview and Level Annotations

Branches:
Dungeon (15/15)            Temple (0/1) D:7            Lair (5/5) D:9
  Swamp (0/4) Lair:3       Spider (0/4) Lair:2        Slime (0/5) Lair:4
    Orc (2/2) D:10            Elf (3/3) Orc:2        Vaults (0/5) D:13
 Depths (0/4) D:15

Altars:
Cheibriados
Fedhas
Hepliaklqana
Kikubaaqudgha
Nemelex Xobeh
Ru
Trog

Shops:
D:4 (   D:7 *   Orc:1 *   Orc:2 (?*(   Elf:3 *[[

Annotations:
D:5 exclusion: downstairs
D:11 2 transporters, corax's ghost, journeyman OpFE
Elf:2 3 runed translucent doors


Innate Abilities, Weirdness & Mutations

You cannot wear most types of armour.
You are amphibious.
You can wear up to eight rings at the same time.
Your skin changes colour to match your surroundings (Stealth+).
Your rubbery body absorbs attacks. (AC +1, EV +1)
((You are camouflaged when in or above water. (Stealth+)))
You have tentacles for arms and can constrict up to eight enemies at once.
[You are very clumsy. (Dex -4)]
[Your body sometimes deteriorates upon taking damage.]
[You frequently scream uncontrollably at your foes.]
[You are very weak. (Str -4)]


Message History

As you read the scroll of blinking, it crumbles to dust.
As you read the scroll of fog, it crumbles to dust.
The scroll dissolves into smoke.
Okay, then.
You close the door.
Casting: Summon Cactus Giant (dangerous; 13% risk of failure)
Confirm with . or Enter, or press ? or * to list all spells.
Unknown command.
Unknown command.
Unknown command.
Unknown command.
Unknown command.
Unknown command.
Casting: Summon Cactus Giant (dangerous; 13% risk of failure)
Confirm with . or Enter, or press ? or * to list all spells.
An electric hum fills the air.
You feel better. Something hits your cactus giant.
You feel better. Something hits your cactus giant!
You feel better. Something hits your cactus giant.
Something hits your cactus giant! Something hits your cactus giant.
Something barely misses your cactus giant.
Something hits your cactus giant! Something hits your cactus giant.
Something hits your cactus giant. Something hits your cactus giant!
Something hits your cactus giant.
Your cactus giant completely misses the deep elf annihilator.
Okay, then.
The deep elf annihilator gestures wildly while chanting.
The deep elf annihilator blinks!
You block the deep elf annihilator's attack.
Your cactus giant hits the deep elf annihilator with a +0 giant spiked club.
You completely miss the deep elf annihilator.
Your grab misses the deep elf annihilator.
The deep elf annihilator is lightly wounded.
The deep elf annihilator casts a spell at you.
The crystal spear hits you!!!!
Ouch! That really hurt!
You die...

..#######.8.....# ##....##
..'.....'.......# ##......##
..#######.......# ##........##
..# #....)..###..........#
..#########...e###..##....##..##
####...########.##.####..## ..#
#.)<....# ##'#.####..## #..#
#..[....# ##e[.##....##....
#.....[.######@C.....##........
##.......'...<8..##..#).#..##. [
##........###.#..####.#[[#.## ..
.#.∩....).# #....####..##[.##
#.. [[).......#
##....##........##...
#..######## ##.#......##§.......
#.## #.......####..).... ####
#####...####..)#.## ...###
##...##..[##.#


You could see a deep elf annihilator (ally target), a friendly cactus giant
(summoned) and a friendly lightning spire (summoned).

Vanquished Creatures
  A deep elf master archer (Elf:3)
  A tentacled starspawn (Abyss:3)
  A deep elf sorcerer (Elf:3)
  2 deep elf elementalists (Elf:3)
  A cacodemon (Abyss:3)
  An orc warlord (Orc:2)
  Nessos (Lair:3)
  4 deep elf demonologists (Elf:3)
  3 deep elf annihilators (Elf:3)
  5 deep elf death magi (Elf:3)
  Snorg (Orc:1)
  2 ettins
  A deep elf high priest (Elf:1)
  8 vault guards (D:13)
  Fannar (Lair:3)
  Harold (Orc:1)
  2 hydras
  3 catoblepae (Lair:5)
  2 ghost crabs (Lair:3)
  4 centaur warriors
  An ogre mage (D:15)
  4 boulder beetles
  Erica (Lair:2)
  10 two-headed ogres
  A vampire mage (D:15)
  3 tengu warriors
  5 orc high priests (Orc:2)
  15 dancing weapons
  4 death yaks (Lair:5)
  Urug (Lair:5)
  13 deep elf knights
  A wretched star (Abyss:3)
  A titan skeleton (D:15)
  A sixfirhy (Abyss:3)
  A spectral catoblepas (Lair:3)
  A spectral death yak (Lair:3)
  5 skeletal warriors (D:15)
  A skyshark (Lair:4)
  A shadow demon (Abyss:3)
  9 orc knights (Orc:2)
  A necromancer (D:15)
  8 deep elf archers
  27 deep elf pyromancers
  7 cyclopes
  6 ugly things
  17 deep elf zephyrmancers
  5 orc sorcerers (Orc:2)
  5 manticores
  A stone giant zombie (D:15)
  7 elephants
  A stone giant skeleton (D:15)
  An apocalypse crab (Abyss:3)
  Maurice (D:8)
  A cane toad (Lair:5)
  3 gargoyles
  A freezing wraith (Abyss:3)
  8 komodo dragons
  2 ancient zymes (Abyss:3)
  2 tengu conjurers
  A spriggan skeleton (D:15)
  7 trolls
  3 meliai (D:15)
  A hornet (D:9)
  14 blink frogs
  4 raiju (Abyss:3)
  A spectral black mamba (Lair:3)
  Sigmund (D:5)
  5 wyverns
  9 slime creatures
  2 shadows (D:10)
  An air elemental (Elf:2)
  A centaur simulacrum (D:14)
  3 water elementals
  5 wraiths
  A yak (shapeshifter) (D:12)
  35 yaks
  A vampire (D:10)
  A fire elemental (Elf:3)
  3 basilisks
  7 vampire mosquitoes
  Edmund (D:5)
  5 wargs
  3 acid dragons
  A large abomination (Abyss:3)
  3 water moccasins
  A spectral cane toad (Lair:3)
  3 nameless horrors
  A swamp drake (D:9)
  36 orc warriors
  A sky beast (D:7)
  3 black bears
  An ice beast (D:8)
  4 ogres
  A spectral torpor snail (Lair:3)
  7 wolves
  7 starcursed masses (Abyss:3)
  7 centaurs
  3 kobold brigands
  4 bullfrogs
  4 small abominations (Abyss:3)
  4 earth elementals
  A gnoll sergeant (D:6)
  A scorpion (D:5)
  8 wights
  2 killer bees (D:10)
  4 howler monkeys
  A lava snake (D:15)
  2 jellies (D:6)
  6 hounds
  21 orc priests
  2 iguanas (D:6)
  14 orc wizards
  4 gnolls
  5 adders
  A shadow imp (D:7)
  2 white imps
  An ufetubus (D:5)
  A worm (D:2)
  2 dart slugs
  75 orcs
  4 bats
  3 endoplasms
  2 giant cockroaches
  7 goblins
  7 hobgoblins
  2 jackals (D:3)
  7 quokkas
  3 training dummies (D:4)
  5 ball pythons
  A frilled lizard (D:1)
  14 kobolds
  2 rats
644 creatures vanquished.

Vanquished Creatures (collateral kills)
  A deep elf master archer (Elf:3)
  A deep elf blademaster (Elf:3)
  2 deep elf sorcerers (Elf:3)
  A deep elf elementalist (Elf:3)
  3 deep elf demonologists (Elf:3)
  A deep elf annihilator (Elf:3)
  A deep elf death mage (Elf:3)
  A hydra (Lair:5)
  A great orb of eyes (Abyss:3)
  2 death yaks (Lair:5)
  A boulder beetle (Lair:4)
  3 deep elf archers
  5 deep elf zephyrmancers
  An oklob plant (Lair:3)
  2 deep elf pyromancers (Elf:2)
  2 manticores (Lair:5)
  2 elephants
  An apocalypse crab (Abyss:3)
  A torpor snail (Lair:5)
  A cane toad (Lair:2)
  An orange demon (Abyss:3)
  An ancient zyme (Abyss:3)
  A polar bear (Lair:2)
  3 blink frogs
  2 large abominations (Abyss:3)
  A wyvern (Lair:2)
  9 yaks
  2 wolves (Lair:3)
  An earth elemental (Elf:3)
  4 killer bees (D:8)
  A jelly (D:7)
  3 gnolls (D:6)
  A white imp (D:7)
  3 orcs
  A bat (D:2)
  2 starspawn tentacles (Abyss:3)
69 creatures vanquished.

Vanquished Creatures (others)
  2 deep elf pyromancers (Elf:3)
  A wyvern (D:8)
  A hound (D:4)
  Ijyb (D:5)
  2 gnolls
  13 fungi
  15 plants
  7 withered plants
42 creatures vanquished.

Grand Total: 755 creatures vanquished

Notes
Turn   | Place    | Note
-------+----------+-------------------------------------------
     0 | D:1      | M4edhros the Octopode Artificer began the quest for the
                  | Orb.
     0 | D:1      | Reached XP level 1. HP: 13/13 MP: 1/1
    96 | D:2      | Reached XP level 2. HP: 10/19 MP: 2/2
   255 | D:3      | Found a blossoming altar of Fedhas.
   312 | D:4      | Reached XP level 3. HP: 24/24 MP: 3/3
   427 | D:4      | Found Qairubru's Firing Range.
   468 | D:5      | Entered Level 5 of the Dungeon
   472 | D:5      | Noticed Edmund
   493 | D:5      | Noticed Ijyb
   526 | D:5      | Your ally Ijyb died
   539 | D:5      | Found a sacrificial altar of Ru.
   541 | D:5      | Killed Edmund
   542 | D:5      | Reached XP level 4. HP: 29/30 MP: 4/4
   542 | D:5      | Reached XP level 5. HP: 35/36 MP: 5/5
   586 | D:5      | Learned a level 3 spell: Spider Form
   620 | D:5      | Reached skill level 1 in Transmutations
   668 | D:5      | Reached XP level 6. HP: 26/42 MP: 6/6
   874 | D:6      | Noticed an orc warrior
   972 | D:6      | Reached skill level 1 in Poison Magic
   994 | D:6      | Killed an orc warrior
   996 | D:6      | Found a snail-covered altar of Cheibriados.
  1009 | D:6      | Became a worshipper of Cheibriados the Contemplative
  1096 | D:3      | Found a hazy altar of Hepliaklqana.
  1256 | D:3      | Identified the +6 tower shield of the Jocular God {Str+6}
  1310 | D:2      | Reached XP level 7. HP: 46/46 MP: 7/7
  1340 | D:2      | Reached * piety under Cheibriados
  1617 | D:1      | Found a faded altar of an unknown god.
  1922 | D:4      | Reached ** piety under Cheibriados
  2030 | D:5      | Noticed Sigmund
  2035 | D:5      | Killed Sigmund
  2245 | D:6      | Reached XP level 8. HP: 54/54 MP: 8/8
  2270 | D:6      | Reached skill level 5 in Unarmed Combat
  2463 | D:7      | Reached *** piety under Cheibriados
  2464 | D:7      | Reached skill level 5 in Dodging
  2560 | D:7      | Reached skill level 5 in Transmutations
  2575 | D:7      | Found Dealal's Assorted Antiques.
  2650 | D:8      | Reached XP level 9. HP: 33/60 MP: 9/9
  2680 | D:8      | Identified the +3 robe "Ylawnusch" {Dex+3 Slay+5}
  2701 | D:8      | Noticed a two-headed ogre
  2705 | D:8      | Reached skill level 5 in Fighting
  2774 | D:8      | Noticed Maurice
  2781 | D:8      | Killed Maurice
  2814 | D:8      | Killed a two-headed ogre
  2949 | D:7      | Found a staircase to the Ecumenical Temple.
  2970 | D:7      | Reached XP level 10. HP: 61/68 MP: 10/10
  2974 | D:7      | Reached **** piety under Cheibriados
  2975 | D:7      | Reached skill level 1 in Shields
  2996 | D:7      | Reached skill level 2 in Shields
  3165 | D:9      | Found a sparkling altar of Nemelex Xobeh.
  3166 | D:9      | Found an ancient bone altar of Kikubaaqudgha.
  3362 | D:9      | Reached skill level 3 in Shields
  3641 | D:9      | Reached ***** piety under Cheibriados
  3648 | D:9      | Learned a level 2 spell: Blink
  3697 | D:10     | Entered Level 10 of the Dungeon
  3712 | D:10     | Noticed a two-headed ogre
  3713 | D:10     | Noticed a two-headed ogre
  3714 | D:10     | Noticed a two-headed ogre
  3730 | D:10     | Reached skill level 4 in Shields
  3976 | D:10     | Reached skill level 1 in Invocations
  3990 | D:10     | Found a staircase to the Orcish Mines.
  4020 | D:10     | Killed a two-headed ogre
  4021 | D:10     | Reached skill level 5 in Shields
  4021 | D:10     | Reached XP level 11. HP: 75/75 MP: 12/12
  4147 | D:10     | Killed a two-headed ogre
  4197 | D:10     | Reached skill level 10 in Unarmed Combat
  4242 | D:10     | Killed a two-headed ogre
  4243 | D:10     | Reached skill level 6 in Shields
  4468 | D:11     | Noticed a boulder beetle
  4468 | D:11     | Noticed a two-headed ogre
  4645 | D:11     | Identified the +3 shortbow of Zoit {elec, rN+ SInv}
  4675 | D:11     | Reached skill level 5 in Invocations
  4763 | D:11     | Found a transporter.
  4766 | D:11     | Noticed a tengu warrior
  4767 | D:11     | Noticed a moth of wrath
  4767 | D:11     | Noticed corax's ghost (journeyman OpFE)
  4768 | D:11     | Noticed a manticore
  4777 | D:11     | Noticed a two-headed ogre
  4778 | D:11     | Killed a manticore
  4786 | D:11     | Found a bloodstained altar of Trog.
  4787 | D:11     | Found a transporter.
  4799 | D:11     | Noticed a boulder beetle
  4803 | D:11     | Killed a two-headed ogre
  4803 | D:11     | Killed a boulder beetle
  4804 | D:11     | Reached skill level 7 in Shields
  4887 | D:12     | Reached XP level 12. HP: 82/82 MP: 16/16
  4927 | D:12     | Identified the -1 pair of gloves of Virtue {rElec}
  4963 | D:12     | Noticed a boulder beetle
  4980 | D:12     | Killed a boulder beetle
  5113 | D:12     | Reached skill level 8 in Shields
  5281 | D:12     | Reached skill level 9 in Shields
  5327 | D:13     | Noticed a tengu warrior
  5421 | D:13     | Noticed a vault guard
  5421 | D:13     | Noticed a four-headed hydra
  5427 | D:13     | Killed a four-headed hydra
  5429 | D:13     | Killed a vault guard
  5431 | D:13     | Reached skill level 10 in Shields
  5438 | D:13     | Killed a tengu warrior
  5473 | D:13     | Noticed a vault guard
  5484 | D:13     | Noticed a vault guard
  5489 | D:13     | Killed a vault guard
  5490 | D:13     | Reached skill level 10 in Dodging
  5497 | D:13     | Killed a vault guard
  5506 | D:13     | Found a gate to the Vaults.
  5508 | D:13     | Noticed a vault guard
  5516 | D:13     | Killed a vault guard
  5517 | D:13     | Reached skill level 11 in Shields
  5517 | D:13     | Reached XP level 13. HP: 88/88 MP: 17/17
  5520 | D:13     | Noticed a vault guard
  5520 | D:13     | Noticed a vault guard
  5521 | D:13     | Noticed a vault guard
  5545 | D:13     | Killed a vault guard
  5561 | D:13     | Killed a vault guard
  5591 | D:13     | Noticed a vault guard
  5603 | D:13     | Killed a vault guard
  5604 | D:13     | Reached skill level 12 in Shields
  5944 | D:14     | Reached skill level 13 in Shields
  6131 | D:13     | Learned a level 4 spell: Summon Lightning Spire
  6146 | D:13     | Killed a vault guard
  6255 | Orc:1    | Entered Level 1 of the Orcish Mines
  6255 | Orc:1    | Noticed Harold
  6262 | Orc:1    | Killed Harold
  6263 | Orc:1    | Reached skill level 1 in Summonings
  6272 | Orc:1    | Reached skill level 1 in Air Magic
  6358 | Orc:1    | Noticed Snorg
  6369 | Orc:1    | Killed Snorg
  6406 | Orc:1    | Noticed an ettin
  6414 | Orc:1    | Killed an ettin
  6484 | Orc:2    | Entered Level 2 of the Orcish Mines
  6493 | Orc:2    | Noticed an orc warlord
  6504 | Orc:2    | Killed an orc warlord
  6517 | Orc:2    | Reached skill level 14 in Shields
  6568 | Orc:2    | Found a staircase to the Elven Halls.
  6810 | Orc:1    | Found Jicerr's Mayhem Merchandise.
  6973 | Orc:2    | Reached XP level 14. HP: 91/94 MP: 18/18
  6993 | Orc:2    | Reached skill level 5 in Summonings
  7052 | Orc:2    | Reached skill level 1 in Translocations
  7501 | Orc:2    | Found Loschaiv's Antique Weapon Shoppe.
  7501 | Orc:2    | Found Puugag's Weapon Shoppe.
  7502 | Orc:2    | Found Veocaosi's Magic Scroll Shoppe.
  7502 | Orc:2    | Found Rupsekku's Assorted Antiques.
  7512 | Orc:2    | Bought a knobbly silver ring for 150 gold pieces
  7514 | Orc:2    | Bought a faintly glowing buckler for 285 gold pieces
  7514 | Orc:2    | Identified the +1 buckler of Spite {Harm Will+} (You bought
                  | it in a shop on level 2 of the Orcish Mines)
  7517 | Orc:2    | Bought a scroll of butterflies for 60 gold pieces
  7517 | Orc:2    | Bought a scroll of teleportation for 45 gold pieces
  7517 | Orc:2    | Bought a scroll of teleportation for 45 gold pieces
  7517 | Orc:2    | Bought a scroll of identify for 30 gold pieces
  7517 | Orc:2    | Bought a scroll of identify for 30 gold pieces
  7517 | Orc:2    | Bought a scroll of identify for 30 gold pieces
  7831 | D:9      | Found a staircase to the Lair.
  7888 | Lair:1   | Entered Level 1 of the Lair of Beasts
  7988 | Lair:2   | Noticed Erica
  7999 | Lair:2   | Killed Erica
  8050 | Lair:2   | Found a hole to the Spider Nest.
  8541 | Lair:3   | Reached ****** piety under Cheibriados
  8550 | Lair:3   | Reached skill level 15 in Shields
  8690 | Lair:3   | Reached skill level 5 in Stealth
  8704 | Lair:3   | Noticed Nessos
  8709 | Lair:3   | Killed Nessos
  8853 | Lair:4   | Found a staircase to the Slime Pits.
  9122 | Lair:5   | Entered Level 5 of the Lair of Beasts
  9155 | Lair:5   | Reached XP level 15. HP: 99/99 MP: 19/19
  9295 | Lair:5   | Noticed Sonja
  9299 | Lair:5   | Sonja changed into Sonja the blink frog
  9299 | Lair:5   | Noticed Sonja
  9300 | Lair:5   | Killed Sonja the blink frog
  9460 | Lair:5   | Reached skill level 16 in Shields
  9542 | Lair:5   | Identified the +8 battleaxe of Moxt {flame, rF+ Will+}
  9725 | Lair:5   | Noticed Urug
  9730 | Lair:5   | Killed Urug
  9731 | Lair:5   | Reached skill level 10 in Stealth
  9874 | Lair:3   | Noticed Fannar
  9884 | Lair:3   | Killed Fannar
  9977 | Lair:3   | Found a staircase to the Swamp.
 10253 | Orc:1    | Bought the Unrestrained Analects for 572 gold pieces
 10253 | Orc:1    | Bought a wand of iceblast (8) for 249 gold pieces
 10258 | Orc:1    | Learned a level 4 spell: Olgreb's Toxic Radiance
 10698 | D:15     | Entered Level 15 of the Dungeon
 10761 | D:15     | Reached skill level 1 in Spellcasting
 10851 | D:15     | Found a staircase to the Depths.
 11120 | D:15     | Learned a level 7 spell: Storm Form
 11260 | D:15     | Reached skill level 5 in Poison Magic
 11510 | D:11     | Reached XP level 16. HP: 105/105 MP: 22/22
 11594 | Elf:1    | Entered Level 1 of the Elven Halls
 11647 | Elf:1    | Reached skill level 5 in Air Magic
 12503 | Elf:2    | Paralysed by an air elemental for 1 turns
 12576 | Elf:2    | Reached skill level 17 in Shields
 12718 | Elf:2    | Reached skill level 5 in Spellcasting
 12910 | Elf:2    | Found a runed translucent gate.
 12910 | Elf:2    | Found a runed translucent gate.
 12910 | Elf:2    | Found a runed translucent gate.
 13089 | Elf:2    | Found Kuaw's Weapon Emporium.
 13192 | Elf:3    | Entered Level 3 of the Elven Halls
 13332 | Elf:3    | Got Dispater's Almanac of the Gathering
 13340 | Elf:3    | Learned a level 6 spell: Summon Cactus Giant
 13428 | Elf:3    | Found Pobiles's Assorted Antiques.
 13471 | Elf:3    | Reached XP level 17. HP: 109/109 MP: 26/26
 13657 | Elf:3    | Found Upudgh's Antique Armour Boutique.
 13703 | Elf:3    | Identified the +5 mace of Innocence {venom, *Noise Str+3
                  | SInv}
 13735 | Elf:3    | Found Berod's Armour Shoppe.
 13779 | Elf:3    | Noticed an Executioner
 13782 | Elf:3    | Noticed a Brimstone Fiend
 13935 | Elf:3    | Noticed a deep elf master archer
 13965 | Elf:3    | Noticed a deep elf blademaster
 14217 | Elf:3    | Noticed an Ice Fiend
 14248 | Elf:3    | Killed a deep elf master archer
 14332 | Elf:3    | Got the Lectures on Septic Trauma
 14359 | Elf:3    | Identified the +3 spear of Frustration {drain, +Blink rF-
                  | Str+3 Int+3}
 14455 | Elf:3    | Noticed a deep elf master archer
 14457 | Elf:3    | Killed a deep elf master archer
 14464 | Elf:3    | Reached skill level 10 in Transmutations
 14495 | Elf:3    | Noticed a deep elf blademaster
 14505 | Elf:3    | Killed a deep elf blademaster
 14593 | Abyss:3  | Cast into level 3 of the Abyss (a deep elf demonologist)
 14608 | Abyss:3  | Identified the +5 great sword of the Harvest {heavy, rF+
                  | Int+3}
 14620 | Abyss:3  | Found an ornate altar of the Wu Jian Council.
 14709 | Abyss:3  | Noticed a tentacled starspawn
 14719 | Abyss:3  | Killed a tentacled starspawn
 14735 | Abyss:3  | Found a corrupted altar of Lugonu.
 14900 | Elf:3    | Escaped the Abyss
 14931 | Elf:3    | Bought a scroll of teleportation for 102 gold pieces
 14966 | Elf:3    | HP: 1/109 [deep elf annihilator/bolt of lightning (19)]
 14989 | Elf:3    | Killed from afar by a deep elf annihilator

Illustrated notes

Levels and vault maps discovered:
D:1:      minmay_arrival_shattered_statue, layout_basic,
          shapermc_ecumenical_altar_pompeii
D:2:      layout_loops_ring
D:3:      layout_loops_ring, lemuel_round_altar,
          mainiacjoe_overflow_cross_hatched
D:4:      layout_cave_pools, serial_column_ruins, column_ruins_hut,
          column_ruins_open_small, column_ruins_grid_1, column_ruins_open_tiny,
          column_ruins_open_small, column_ruins_columns_water,
          column_ruins_open_tiny, nicolae_shop_firing_range
D:5:      layout_loops_ring, nicolae_ru_path_of_blood, kennysheep_small_circle,
          uniq_ijyb, uniq_sigmund, uniq_edmund
D:6:      layout_loops_corners, kennysheep_mini
D:7:      layout_gridville, minmay_temple_entry_large_hall, serial_shops, shop,
          dreamdust_wishing_well
D:8:      layout_cave_pools, uniq_maurice
D:9:      layout_roguey, mainiacjoe_overflow_divided_tiny, erik_lair_dragon
D:10:     minmay_the_grid_square_5x5_3x3 [minmay_the_grid_square_5x5_longway,
          minmay_the_grid_square_5x5_sharp_hourglass,
          minmay_the_grid_square_5x5_eight_small,
          minmay_the_grid_square_5x5_tri_point,
          minmay_the_grid_square_5x5_megaprize_hollow,
          minmay_the_grid_square_5x5_lines,
          minmay_the_grid_square_5x5_two_small,
          minmay_the_grid_square_5x5_shuriken, minmay_the_grid_square_5x5_n],
          layout_irregular_city, hiddenorc1_lemuel
D:11:     layout_roguey, gammafunk_ghost_wrathful_warriors, st_stairs_10,
          serial_bayou_pond_a
D:12:     layout_basic
D:13:     layout_layer_cave, erik_vaults_2, small_statue_alley_a
D:14:     layout_stronghold, infiniplex_staircase_split_hallway
D:15:     gammafunk_depths_entry_grave, layout_irregular_city,
          nicolae_lava_and_water, palyth_stone_intersect
Lair:1:   layout_gridlike, serial_bayou_shore_b
Lair:2:   statuecave_lemuel, layout_regular_city, dummy_spider_entry, uniq_erica
Lair:3:   layout_big_grid, nicolae_swamp_entry_spooky, minmay_lair_oklob_bushes,
          uniq_nessos, uniq_fannar
Lair:4:   layout_loops_ring, slime_entry_1, enter_volcano_2, uniq_josephine
Lair:5:   evilmike_catoblepas_cave, layout_loops_ring,
          pdpol_lair_neglected_garden, uniq_sonja, uniq_urug
Orc:1:    layout_diamond_mine, minmay_shop_mayhem, uniq_harold, uniq_snorg
Orc:2:    st_orc_pillars, layout_diamond_mine, basic_altar, rock_pile
Elf:1:    layout_gridlike, kennysheep_underground_church, st_stairs_4
Elf:2:    nicolae_elf_blades_splatter_lattice
          [nicolae_blade_entry_sentries_behind_glass], layout_loops_cross,
          serial_shops, shop_fountains, uniq_jorgrun
Elf:3:    grunt_elf_hall_spiral, layout_geoelf_octagon, serial_shops, shop,
          shop, nicolae_shop_temple_entry_statues_fountains,
          minmay_elf_demonology

Skill      XL: |  1  2  3  4  5  6  7  8  9 10 11 12 13 14 15 16 17 |
---------------+----------------------------------------------------+-----
Fighting       | 2 3 4 6 7 8 |  8.1
Dodging        | 3 4 5 6 7 8 10 | 10.1
Unarmed Combat | 2 3 4 6 8 9 10 | 10.0
Transmutations | 1 2 3 5 6 8 10 | 10.6
Poison Magic   | 1 2 5 8 |  8.0
Shields        | 5 7 11 14 15 16 17 | 17.0
Invocations    | 2 6 8 9 |  9.0
Summonings     | 4 7 9 |  9.1
Air Magic      | 3 4 7 9 |  9.6
Translocations | 3 |  3.0
Stealth        | 7 10 | 10.5
Spellcasting   | 3 6 |  6.0
Short Blades   | |  0.7
Evocations     | |  3.2

Action                     |  1- 3 |  4- 6 |  7- 9 | 10-12 | 13-15 | 16-18 || total
---------------------------+-------+-------+-------+-------+-------+-------++-------
  Melee: Unarmed           |    14 |       |     2 |   381 |   850 |   375 ||  1622
         Constrict         |     5 |    12 |    38 |    49 |   122 |    85 ||   311
         Short sword       |    15 |    54 |   121 |       |       |       ||   190
         Tentacles         |     5 |     7 |    34 |   100 |   303 |   145 ||   594
         Punch             |       |       |     4 |    32 |    76 |    33 ||   145
  Throw: Dart              |       |       |       |     8 |     2 |     2 ||    12
   Cast: Summon Lightning  |       |       |       |       |    30 |    37 ||    67
         Blink             |       |       |       |       |     1 |       ||     1
         Olgreb's Toxic Ra |       |       |       |       |       |     8 ||     8
         Summon Cactus Gia |       |       |       |       |       |    15 ||    15
         Storm Form        |       |       |       |       |       |     2 ||     2
 Invoke: Slouch            |       |       |       |     5 |    14 |    11 ||    30
         Temporal Distorti |       |       |       |       |       |     2 ||     2
  Evoke: Wand              |    10 |     5 |    35 |    25 |    30 |    12 ||   117
         Box of beasts     |       |       |       |       |       |     1 ||     1
         Phial of floods   |       |       |       |       |       |     1 ||     1
    Use: Scroll            |       |       |     7 |    12 |     9 |    10 ||    38
         Potion            |       |       |       |     1 |     3 |    16 ||    20
   Stab: Sleeping          |     1 |     3 |    11 |     8 |     7 |    17 ||    47
         Invisible         |       |       |     1 |    13 |    13 |       ||    27
         Distracted        |       |       |       |     1 |     9 |     6 ||    16
         Paralysed         |       |       |       |       |     4 |       ||     4
 Armour: Skin              |     1 |     1 |     2 |     6 |     5 |       ||    15
  Dodge: Dodged            |     7 |    40 |    37 |   157 |   262 |   113 ||   616
  Block: Tower shield      |       |       |   125 |   463 |  1165 |   351 ||  2104
         Reflection        |       |       |       |     7 |    52 |    42 ||   101
         Other             |       |       |       |       |       |     4 ||     4

Table legend: (Time is in decaauts)
 A = Elapsed time spent in this place.
 B = Non-inter-level travel time spent in this place.
 C = Inter-level travel time spent in this place.
 D = Time resting spent in this place.
 E = Time spent auto-exploring this place.
 F = Levels seen in this place.
 G = Mean time per level.
                   A        B        C        D        E       F      G
               +--------+--------+--------+--------+--------+-----+--------+
         Total |  23740 |  19435 |   4305 |    187 |    383 |  26 |  913.1 |
       Dungeon |  11952 |   9528 |   2424 |    130 |    201 |  15 |  796.8 |
          Lair |   3796 |   3127 |    669 |      0 |      0 |   5 |  759.2 |
  Orcish Mines |   2704 |   1910 |    794 |      0 |      0 |   2 | 1352.0 |
   Elven Halls |   4854 |   4437 |    417 |     19 |    181 |   3 | 1618.0 |
         Abyss |    432 |    432 |      0 |     37 |      0 |   1 |  432.0 |
               +--------+--------+--------+--------+--------+-----+--------+

Top non-repeatable levels by time:
   Elf:3: 1923 daAuts
    D:10: 1675 daAuts
   Orc:2: 1569 daAuts
   Elf:1: 1512 daAuts
   Elf:2: 1418 daAuts
     D:9: 1411 daAuts
  Lair:5: 1183 daAuts
    D:15: 1159 daAuts
   Orc:1: 1134 daAuts
    D:12: 1043 daAuts
    D:14: 1035 daAuts
    D:13: 962 daAuts
  Lair:3: 956 daAuts
    D:11: 736 daAuts
  Lair:2: 679 daAuts
